 Dungeon Crawl Stone Soup version 0.27.1-33-g824d729ab1 (webtiles) character file.

Game seed: 11247923077149360573

139 Atelerd the Sneak (level 5, -2/31 HPs)
             Began as an Octopode Earth Elementalist on Dec 20, 2021.
             Slain by an orc priest (9 damage)
             ... on level 3 of the Dungeon.
             The game lasted 00:01:58 (3286 turns).

Atelerd the Sneak (Octopode Earth Elementalist)     Turns: 3286, Time: 00:01:58

Health: -2/31      AC:  1    Str:  7    XL:     5   Next: 22%
Magic:  0/9        EV: 13    Int: 18    God:
Gold:   111        SH:  0    Dex: 13    Spells: 8/9 levels left

rFire    . . .     SeeInvis .   e - +0 dagger
rCold    . . .     Faith    .   (no shield)
rNeg     . . .     Spirit   .   (helmet restricted)
rPois    .         Reflect  .   (no amulet)
rElec    .         Harm     .   (no ring)
rCorr    .         Rampage  .   (no ring)
Will     .....                  (no ring)
Stlth    ++++......             (no ring)
HPRegen  0.10/turn              (no ring)
MPRegen  0.11/turn              (no ring)
                                (no ring)
                                (no ring)

@: very slightly contaminated
A: almost no armour, amphibious, 8 rings, camouflage 1, gelatinous body 1,
(nimble swimmer 1), tentacles
a: no special abilities


You were on level 3 of the Dungeon.
You visited 1 branch of the dungeon, and saw 3 of its levels.

You collected 111 gold pieces.

Inventory:

Hand Weapons
 e - a +0 dagger (weapon)
Missiles
 b - 84 stones
Scrolls
 d - a scroll of brand weapon {unknown}
 f - a scroll of enchant armour {unknown}
 g - 3 scrolls of identify {unknown}
 i - a scroll of fog {unknown}
 j - 2 scrolls of fear {unknown}
Potions
 a - a potion of degeneration {unknown}
 c - a potion of heal wounds {unknown}
 h - 2 potions of attraction {unknown}


   Skills:
 - Level 2.0 Dodging
 * Level 5.3 Stealth
 + Level 2.8 Spellcasting
 - Level 2.0 Transmutations
 + Level 3.6 Earth Magic


You had 8 spell levels left.
You knew the following spells:

 Your Spells              Type           Power      Damage    Failure   Level
a - Sandblast             Erth           30%        2d9       3%          1

Your spell library contained the following spells:

 Spells                   Type           Power      Damage    Failure   Level
 Passwall                 Tmut/Erth      10%        N/A       8%          2
 Stone Arrow              Conj/Erth      18%        3d8       24%         3
 Petrify                  Tmut/Erth      12%        N/A       45%         4
 Olgreb's Toxic Radiance  Pois           2%         N/A       86%         4
 Ozocubu's Refrigeration  Ice            1%         4d5       100%        7
 Ignition                 Fire           1%         3d3       100%        8


Dungeon Overview and Level Annotations

Branches:
Dungeon (3/15)

Altars:
Gozag

Annotations:
D:2 Robin


Innate Abilities, Weirdness & Mutations

You cannot wear most types of armour.
You are amphibious.
You can wear up to eight rings at the same time.
Your skin changes colour to match your surroundings (Stealth+).
Your rubbery body absorbs attacks. (AC +1, EV +1)
((You are camouflaged near water. (Stealth+)))
You have tentacles for arms and can constrict up to eight enemies at once.


Message History

Aim: an orc, wielding a +0 dagger (heavily wounded, 79% to hit)
The blast of sand hits the orc!
You kill the orc!
Casting: Sandblast (safe; 3% risk of failure)
Confirm with . or Enter, or press ? or * to list all spells.
Aiming: Sandblast (safe; 3% risk of failure)
Press: ? - help, Shift-Dir - straight line, f - orc priest
Aim: an orc priest, wielding a +2 hand axe of holy wrath and wearing a +0 leather armour (79% to hit)
The blast of sand hits the orc priest.
The orc priest is lightly wounded.
The orc priest hits you with a +2 hand axe of holy wrath.
Casting: Sandblast (safe; 3% risk of failure)
Confirm with . or Enter, or press ? or * to list all spells.
You don't have enough magic to cast this spell.
Unknown command.
Casting: Sandblast (safe; 3% risk of failure)
Confirm with . or Enter, or press ? or * to list all spells.
You don't have enough magic to cast this spell.
Unknown command.
You hit the orc priest but do no damage.
You grab the orc priest.
The orc priest is lightly wounded.
You constrict the orc priest.
The orc priest hits you with a +2 hand axe of holy wrath!
* * * LOW HITPOINT WARNING * * *
You completely miss the orc priest.
The orc priest is lightly wounded.
You constrict the orc priest, but do no damage.
The orc priest hits you with a +2 hand axe of holy wrath.
* * * LOW HITPOINT WARNING * * *
Casting: Sandblast (safe; 3% risk of failure)
Confirm with . or Enter, or press ? or * to list all spells.
Aiming: Sandblast (safe; 3% risk of failure)
Press: ? - help, Shift-Dir - straight line, f/p - orc priest
Aim: an orc priest, wielding a +2 hand axe of holy wrath and wearing a +0 leather armour (lightly wounded, constricted by you, 100% to hit)
The blast of sand hits the orc priest but does no damage.
The orc priest is lightly wounded.
You constrict the orc priest, but do no damage.
The orc priest hits you with a +2 hand axe of holy wrath!
You die...

#.###..## #.#
########### #.##....#
#.####.........#
#.##....#
#.##.#.#######.#
#.##....###.#....#
#####.##
#.........#......#
#......#
###.........#....#
#.###..#
#..##..........# #.#
#..# #....>..####.###
#.###..# ##.###### #@#
#.##...# ##.# #o#
#.##.#.# #.# #...#
#......# #.# #.....#
####.### ### #.......#
#..##
#.........####...###
+.........+........##
#.........####....#.##
##..[...... #...###.#


You could see an orc priest.

Vanquished Creatures
  Jessica (D:2)
  An orc wizard (D:3)
  2 gnolls (D:1)
  An adder (D:2)
  A worm (D:2)
  3 dart slugs (D:1)
  2 orcs (D:3)
  5 endoplasms
  7 goblins
  3 hobgoblins
  4 jackals (D:1)
  2 quokkas
  2 ball pythons (D:1)
  7 bats
  A frilled lizard (D:1)
  4 kobolds
  2 rats
48 creatures vanquished.

Vanquished Creatures (others)
  2 plants (D:3)
2 creatures vanquished.

Grand Total: 50 creatures vanquished

Notes
Turn   | Place    | Note
-------+----------+-------------------------------------------
     0 | D:1      | Atelerd the Octopode Earth Elementalist began the quest for
                  | the Orb.
     0 | D:1      | Reached XP level 1. HP: 11/11 MP: 3/3
   303 | D:1      | Reached skill level 3 in Stealth
   312 | D:1      | Reached XP level 2. HP: 3/17 MP: 0/5
  1080 | D:1      | Reached XP level 3. HP: 16/21 MP: 6/6
  1503 | D:1      | Reached skill level 4 in Stealth
  1896 | D:1      | Reached XP level 4. HP: 25/27 MP: 7/7
  2281 | D:2      | Noticed Jessica
  2286 | D:2      | Killed Jessica
  2566 | D:2      | Noticed Robin
  2946 | D:3      | Found an opulent altar of Gozag.
  2998 | D:3      | Reached skill level 5 in Stealth
  3277 | D:3      | Reached XP level 5. HP: 26/31 MP: 7/9
  3286 | D:3      | Slain by an orc priest

Illustrated notes

Levels and vault maps discovered:
D:1:      erik_arrival_blinker_ship, layout_loops_corners,
          palyth_stone_intersect
D:2:      layout_basic, uniq_robin, uniq_jessica
D:3:      layout_loops_corners, lemuel_doored_altar,
          gammafunk_temple_overflow_pools, serial_bayou, serial_bayou_lake_a,
          serial_bayou_lagoon_a, serial_bayou_ford_a, serial_bayou_shore_b,
          hex_large, uniq_ijyb

Skill      XL: |  1  2  3  4 |
---------------+-------------+-----
Stealth        | 3 4 5 |  5.3
Transmutations | 2 |  2.0
Dodging        | |  2.0
Spellcasting   | |  2.8
Earth Magic    | |  3.6

Action                   |  1- 3 |  4- 6 || total
-------------------------+-------+-------++-------
Melee: Unarmed           |    40 |       ||    40
       Constrict         |    22 |     7 ||    29
       Tentacles         |    15 |     8 ||    23
       Dagger            |    38 |    37 ||    75
 Cast: Sandblast         |     7 |    11 ||    18
 Stab: Sleeping          |    11 |     6 ||    17
Armor: Skin              |     8 |     2 ||    10
Dodge: Dodged            |    52 |    13 ||    65
